Description

Replay review for Master League practice

-more drones -offensive timings -scouting -build order timings

Replay - 3 Base Muta (no pressure)

Build Order

Get SALT Encoding   

  12  0:00  Drone  
  13  0:12  Overlord  
  13  0:18  Drone  
  14  0:31  Drone x2  
  16  0:39  Drone  
  17  0:53  Hatchery  
  16  0:58  Drone  
  16  1:01  Extractor  
  16  1:14  Spawning Pool  
  16  1:16  Drone  
  16  1:33  Drone x3  
  19  1:44  Overlord  
  19  2:00  Hatchery  
  18  2:01  Action  Scout
  18  2:04  Queen x2  
  23  2:23  Hatchery  
  30  3:00  Action  Scout
  30  3:09  Roach Warren  
  33  3:19  Overlord  
  33  3:33  Extractor  
  32  3:34  Lair  
  32  3:39  Evolution Chamber  
  34  3:53  Queen  
  36  4:01  Spine Crawler x2  
  35  4:05  Spore Crawler  
  41  4:22  Extractor x2  
  39  4:37  Spire  
  38  4:40  Spore Crawler x2  
  42  4:48  Overlord  
  50  5:38  Overlord  
  50  5:59  Mutalisk x8  
  66  6:07  Mutalisk  
  68  6:12  Extractor x2  
  70  6:15  Action  50 drones
  72  6:37  Hatchery  
  71  7:05  Mutalisk  
  72  7:15  Hydralisk Den  
  73  7:16  Evolution Chamber  
  75  7:45  Action  Try and max supply
  76  7:46  Action  Ground upgrades
  129  8:40  Infestation Pit  
  130  8:45  Action  Deny a base with army
  131  9:30  Hive  
Spawning Tool Build Advisor. Get it on Overwolf

Go to:

Details

  • Created by: broseph
  • Published on: Sep 11, 2020
  • Modified on: Sep 11, 2020
  • Patch: 4.11.0
  • Difficulty: Easy
Show
View Real Time Build Order
Export as new Build Order

Comments (0)

There are no comments. Be the first!

Create an account to comment!